Cogmind - Beta 17.1 @@@ ROGUE MODE // 2026.09.02 @ 17:54:46 Player: lxealomych Result: Destroyed by Y-45 Defender with Heavy Assault Rifle Performance ------------- Evolutions (2) 1000 Regions Visited (5) 1000 Robots Destroyed (62) 310 Value Destroyed (1383) 1383 Prototype IDs (2) 40 Alien Tech Used (0) 0 Bonus (300) 300 TOTAL SCORE: 4033 Bonus ------- Aligned with FarCom 300 Cogmind --------- Core Integrity 0/550 Matter 187/300 Energy 80/100 System Corruption 3% Temperature Cool (0) Movement Walking (200) Ox1 Location -8/Materials Parts ------- > --- POWER (1) -------- (None) > --- PROPULSION (4) --- Titanium Leg > --- UTILITY (4) ------ Large Storage Unit Signal Interpreter Medium Armor Plating > --- WEAPON (2) ------- Beam Rifle > --- INVENTORY (15) --- Improved Ion Engine Airjet Improved VTOL Module Medium Storage Unit Sensor Array Experimental Sensor Array Medium Armor Plating Hacking Suite Hacking Suite Hacking Suite System Shield Flak Gun Shock Bomb Launcher Great Maul Peak State ------------ > --- POWER ------------ Light Angular Momentum Engine > --- PROPULSION ------- Carbon-fiber Leg Carbon-fiber Leg Titanium Leg > --- UTILITY ---------- Large Storage Unit Structural Scanner Signal Interpreter Hardened Medium Armor Plating > --- WEAPON ----------- Beam Rifle Improved Grenade Launcher > --- INVENTORY -------- Improved Ion Engine Airjet Improved VTOL Module Medium Storage Unit Sensor Array Experimental Sensor Array Medium Armor Plating Medium Armor Plating Hacking Suite Hacking Suite Hacking Suite System Shield Shock Bomb Launcher Great Maul [Rating: 29] Favorites ----------- Power Ion Engine Engine Ion Engine Propulsion Compact Wheel Treads Light Treads Leg Carbon-fiber Leg Wheel Compact Wheel Flight Unit Improved VTOL Module Utility Large Storage Unit Device Structural Scanner Storage Large Storage Unit Processor Signal Interpreter Protection Medium Armor Plating Weapon EM Pulse Gun Energy Gun EM Pulse Gun Ballistic Gun Light Assault Rifle Ballistic Cannon Slug Cannon Launcher Rocket Launcher Build | -11 -10 -10 -10 -9 -8 ------- Run | Yrd Mat Min Exi Min Mat Slots Evolved 4 | . . . . . 4 Power . | . . . . . . Propulsion 2 | . . . . . 2 Utility 2 | . . . . . 2 Weapon . | . . . . . . Parts Attached 33 | 6 4 3 . 2 18 Power 6 | 1 2 . . . 3 Engine 6 | 1 2 . . . 3 Core . | . . . . . . Reactor . | . . . . . . Propulsion 10 | 2 . 3 . . 5 Treads 2 | 2 . . . . . Leg 3 | . . . . . 3 Wheel 4 | . . 3 . . 1 Hover . | . . . . . . Flight 1 | . . . . . 1 Utility 9 | 1 1 . . 1 6 Device 2 | . . . . . 2 Storage 2 | 1 1 . . . . Processor 1 | . . . . . 1 Hackware . | . . . . . . Protection 4 | . . . . 1 3 Artifact . | . . . . . . Weapon 8 | 2 1 . . 1 4 Energy Gun 4 | 2 . . . . 2 Energy Cannon . | . . . . . . Ballistic Gun 1 | . 1 . . . . Ballistic Cannon 1 | . . . . . 1 Launcher 2 | . . . . 1 1 Special Weapon . | . . . . . . Impact Weapon . | . . . . . . Slashing Weapon . | . . . . . . Piercing Weapon . | . . . . . . Special Melee Weapon . | . . . . . . Unidentified Prototypes 2 | . . . . . 2 Corrupted Parts 1 | . . . . . 1 System Corruption 3 | . . . . . 3 Parts Lost 20 | . . 3 . 1 16 Power 3 | . . . . . 3 Propulsion 8 | . . 3 . . 5 Utility 4 | . . . . . 4 Weapon 5 | . . . . 1 4 Highest Loss Streak 6 | . . 2 . 1 6 To Critical Strikes . | . . . . . . Average Backups 13 | 2 10 14 14 15 14 Power 1 | . 1 2 2 2 1 Propulsion 2 | 1 2 3 2 2 2 Utility 6 | . 4 6 7 7 8 Weapon 2 | . 1 2 3 3 1 Tool/Special . | . . . . . . Unused Backups 19 | . . . . . 19 Power 1 | . . . . . 1 Propulsion 4 | . . . . . 4 Utility 10 | . . . . . 10 Weapon 4 | . . . . . 4 Tool/Special . | . . . . . . Average Slot Usage (%) 81 | . 85 84 85 82 76 Engine 11 | . 14 14 14 14 8 Treads 7 | . 28 9 . . . Leg 6 | . . . . . 16 Wheel 13 | . . 18 28 28 8 Device 3 | . . . . . 8 Storage 12 | . 14 14 14 14 9 Processor 3 | . . . . . 8 Protection 4 | . . . . 11 6 Energy Gun 9 | . 26 14 14 . 2 Ballistic Gun 4 | . 1 14 14 . . Ballistic Cannon 1 | . . . . . 5 Launcher 3 | . . . . 14 2 Peak Build Rating 29 | 6 7 8 10 12 29 Average Rating 12 | 4 6 7 8 11 20 On Entrance 7 | . 6 7 8 10 12 Avg Prop Armor Cover (%) 3 | . . . . . 3 Naked Turns . | . . . . . . Heaviest Build 47 | 14 34 28 28 34 47 Greatest Support 47 | 40 40 40 32 32 47 Greatest Overweight (x) 2 | . . 1 . 1 2 Average Overweight (x) . | . . . . . . Largest Inventory Capacity 15 | 8 15 15 15 15 15 Average Capacity 14 | 6 13 15 15 15 15 Most Carried 15 | 4 14 15 15 15 15 Average Carried 13 | 2 10 14 14 14 14 Final Capacity 15 | 8 15 15 15 15 15 Final Carried 15 | 4 14 14 15 15 14 Class Distribution -------------------- 100% | Mutant Dominant Class ---------------- Mutant | -10/Materials Mutant | -10/Mines Mutant | -10/Exiles Mutant | -9/Mines Mutant | -8/Materials Resources | -11 -10 -10 -10 -9 -8 ----------- Run | Yrd Mat Min Exi Min Mat Matter Collected 881 | 243 60 39 . 104 435 Remotely . | . . . . . . Salvage Created 1486 | . 447 155 . 165 719 Parts 92 | . 36 4 . 18 34 Haulers Intercepted 3 | . 1 . . . 2 Recyclers Shooed 3 | . . . . . 3 Parts Field Recycled . | . . . . . . Retrieved Matter . | . . . . . . Parts Self-Destructed . | . . . . . . Prevented . | . . . . . . Parts Restored . | . . . . . . Kills | -11 -10 -10 -10 -9 -8 ------- Run | Yrd Mat Min Exi Min Mat Combat Hostiles Destroyed 45 | . 10 6 . 16 13 Guns 15 | . 9 5 . . 1 Cannons 2 | . . . . . 2 AOE 27 | . 1 1 . 16 9 Classes Destroyed 10 | . 5 1 . 2 2 Worker 4 | . . . . . 4 Builder 2 | . . . . 1 1 Hauler 3 | . 1 . . . 2 Recycler 3 | . . . . 1 2 Operator 4 | . 3 . . . 1 Watcher 2 | . 2 . . . . Swarmer 23 | . 5 3 . 15 . Grunt 18 | . 5 2 . 1 10 Sentry 3 | . . . . . 3 Assembled 1 | . . 1 . . . Best Kill Streak 7 | . 3 3 . 7 6 Combat Bots Only 5 | . 3 3 . 5 3 Max Kills in Single Turn 4 | . 2 2 . 4 4 Gunslinging 1 | . 1 . . . . Exploded 3 | . 1 1 . 3 2 Melee . | . . . . . . Uniques/NPCs Destroyed . | . . . . . . Combat | -11 -10 -10 -10 -9 -8 -------- Run | Yrd Mat Min Exi Min Mat Hostile Shots Fired 266 | . 54 35 . 16 161 Missed 76 | . 10 9 . 9 48 Hits 190 | . 44 26 . 7 113 Projectile 190 | . 44 26 . 7 113 Critical Strikes 3 | . . . . . 3 Damage Taken 3058 | . 514 323 . 121 2100 Core 796 | . 86 135 . 19 556 Absorbed by Shields . | . . . . . . Core Remaining (%) 52 | 100 . . . 4 . Volleys Fired 160 | . 40 19 . 16 85 Largest 2 | . 2 2 . 2 1 Hottest 90 | . 90 60 . 53 56 Shots Fired 220 | . 79 38 . 16 87 Gun 168 | . 79 38 . . 51 Cannon 22 | . . . . . 22 Launcher 30 | . . . . 16 14 Special . | . . . . . . Kinetic 44 | . 3 19 . . 22 Thermal 53 | . 36 . . . 17 Explosive 30 | . . . . 16 14 Electromagnetic 93 | . 40 19 . . 34 Robot Hit Streak 10 | . 7 4 . 4 10 Robot Miss Streak 5 | . 4 5 . 5 5 Penetration Max . | . . . . . . Secondary Targets 1 | . 1 . . . . Max Gunslinging Chain 1 | . 1 . . . . Shots Hit Robots 115 | . 46 14 . 3 52 Core Hits 89 | . 23 11 . 19 36 Critical Kills 1 | . . . . . 1 Critical Parts Destroyed 1 | . . . . . 1 Critical Strikes 8 | . 3 . . . 5 Burn 5 | . 3 . . . 2 Destroy 2 | . . . . . 2 Corrupt 1 | . . . . . 1 Melee Attacks . | . . . . . . Impact . | . . . . . . Slashing . | . . . . . . Piercing . | . . . . . . Sneak Attacks . | . . . . . . Combat Hostiles . | . . . . . . Follow-up Attacks . | . . . . . . Damage Inflicted 4293 | . 648 233 . 1126 2286 Guns 1380 | . 575 184 . . 621 Cannons 178 | . . . . . 178 Explosions 2710 | . 73 49 . 1104 1484 Melee . | . . . . . . Ramming 25 | . . . . 22 3 Kinetic 250 | . 16 56 . . 178 Thermal 584 | . 261 49 . . 274 Explosive 2500 | . . . . 1104 1396 Electromagnetic 934 | . 371 128 . . 435 Impact . | . . . . . . Slashing . | . . . . . . Piercing . | . . . . . . Highest Corruption 3 | . . . . . 3 Average Corruption 3 | . . . . . 3 Corruption Purged . | . . . . . . Corruption Blocked . | . . . . . . Effects 37 | . . . . . 37 Message Errors 13 | . . . . . 13 Matter Fused 6 | . . . . . 6 Heat Flow Errors 6 | . . . . . 6 Energy Discharges 2 | . . . . . 2 Data Loss (minor) 5 | . . . . . 5 Data Loss (major) 3 | . . . . . 3 Misfires 2 | . . . . . 2 Overload Shots . | . . . . . . Overflow Damage 131 | . . . . 42 89 Projectiles . | . . . . . . Explosions 129 | . . . . 40 89 Melee 2 | . . . . 2 . Knockbacks 3 | . . . . 1 2 Impact 1 | . . . . 1 . Kinetic 2 | . . . . . 2 Secondary . | . . . . . . Self-Inflicted Damage 443 | . 52 . . 68 323 Shots 13 | . 2 . . 2 9 Rammed 2 | . . . . 1 1 Targets Rammed 2 | . . . . 1 1 Kicked . | . . . . . . Crushed . | . . . . . . Highest Temperature 268 | . 261 82 . 12 268 Average Temperature 53 | . 65 32 . 4 56 Received Heat Transfer 924 | . 162 42 . . 720 Effects 1 | . . . . . 1 Interference 1 | . . . . . 1 Siege Activations . | . . . . . . Martial Activations . | . . . . . . Shielding Activations . | . . . . . . Robots Disrupted . | . . . . . . Combat Hostiles . | . . . . . . Robots Corrupted 1 | . . . . . 1 Combat Hostiles 1 | . . . . . 1 Parts Fried 6 | . 1 . . . 5 Impact Corruptions 1 | . . . . 1 . Robots Melted 1 | . . . . . 1 Combat Hostiles . | . . . . . . Parts Melted 1 | . . . . . 1 Heat Transferred 1556 | . 827 50 . . 679 Parts Sabotaged . | . . . . . . Parts Stolen . | . . . . . . Parts Stripped . | . . . . . . Power Chain Reactions 5 | . 2 1 . . 2 Alert | -11 -10 -10 -10 -9 -8 ------- Run | Yrd Mat Min Exi Min Mat Maximum Alert Level 1 | . . . . 1 1 Low Security (%) 93 | 100 100 100 . 95 84 Level 1 6 | . . . . 4 15 Level 2 . | . . . . . . Level 3 . | . . . . . . Level 4 . | . . . . . . Level 5 . | . . . . . . High Security . | . . . . . . Max Security . | . . . . . . Peak Influence 250 | . 122 83 . 212 250 Initial 70 | . . 37 . . 70 Average 48 | . 34 16 . 61 70 Influence Increases 1584 | . 342 125 . 478 639 Destroy 0b10 Robot/C 880 | . 200 100 . 320 260 Destroy 0b10 Robot/NC 90 | . 30 . . 10 50 Destroy Leader 190 | . 56 20 . 50 64 Disable Machine 165 | . . . . 15 150 Destroy Structure 199 | . 11 5 . 83 100 Lose Combat Pursuer 60 | . 45 . . . 15 Influence Decreases 1419 | . 246 221 . 298 654 Entered New Map 169 | . . 59 . . 110 Time Decay 1077 | . 246 152 . 288 391 Lost Part 173 | . . 10 . 10 153 Squads Dispatched 6 | . 3 . . 1 2 Investigation 3 | . 2 . . . 1 Extermination . | . . . . . . Reinforcement 3 | . 1 . . 1 1 Assault . | . . . . . . Garrison . | . . . . . . Intercept . | . . . . . . Searches Triggered . | . . . . . . Construction Impeded 1 | . . . . 1 . Haulers Reinforced . | . . . . . . Active Scanning Responses . | . . . . . . Cargo Convoy Interrupts . | . . . . . . Stealth | -11 -10 -10 -10 -9 -8 --------- Run | Yrd Mat Min Exi Min Mat Distress Signals 1 | . . . . . 1 Communications Jammed . | . . . . . . Distress Signals . | . . . . . . Times Spotted 74 | . 18 12 . 14 30 Peak Tracking Total 6 | . 3 6 . 4 5 Tactical Retreats 5 | . 3 1 . . 1 Traps | -11 -10 -10 -10 -9 -8 ------- Run | Yrd Mat Min Exi Min Mat Traps Triggered 1 | . . . . . 1 Indirectly . | . . . . . . Trap Hack Attempts . | . . . . . . Triggered . | . . . . . . Disarmed . | . . . . . . Reprogrammed . | . . . . . . Reused . | . . . . . . Traps Extracted . | . . . . . . Installed . | . . . . . . Triggered . | . . . . . . Machines | -11 -10 -10 -10 -9 -8 ---------- Run | Yrd Mat Min Exi Min Mat Machines Disabled 11 | . . . . 1 10 Max in Single Turn 2 | . . . . 1 2 Machines Repaired . | . . . . . . Machines Dismantled . | . . . . . . Machines Sabotaged . | . . . . . . Overloaded Fab Kills . | . . . . . . Hacking | -11 -10 -10 -10 -9 -8 --------- Run | Yrd Mat Min Exi Min Mat Machines Accessed 11 | . 8 . . . 3 Terminals 9 | . 7 . . . 2 Fabricators . | . . . . . . Repair Stations . | . . . . . . Recycling Units 2 | . 1 . . . 1 Scanalyzers . | . . . . . . Garrison Access . | . . . . . . Total Hacks 28 | . 19 . . . 9 Successful 4 | . 2 . . . 2 Failed 24 | . 17 . . . 7 Catastrophic 3 | . 2 . . . 1 Database Lockouts . | . . . . . . Manual 21 | . 17 . 1 . 3 Terminals 23 | . 17 . . . 6 Fabricators . | . . . . . . Repair Stations . | . . . . . . Recycling Units 5 | . 2 . . . 3 Scanalyzers . | . . . . . . Garrison Access . | . . . . . . Terminal Hacks 2 | . 1 . . . 1 Robot Analysis 1 | . . . . . 1 Terminal Index 1 | . 1 . . . . Fabricator Hacks . | . . . . . . Repair Station Hacks . | . . . . . . Recycling Unit Hacks 2 | . 1 . . . 1 Retrieve Components 2 | . 1 . . . 1 Scanalyzer . | . . . . . . Garrison Access Hacks . | . . . . . . Unauthorized Hacks . | . . . . . . Terminals . | . . . . . . Fabricators . | . . . . . . Repair Stations . | . . . . . . Recycling Units . | . . . . . . Scanalyzers . | . . . . . . Garrison Access . | . . . . . . Data Cores Recovered 2 | . 2 . . . . Used . | . . . . . . Hacking Detections 11 | . 8 . . . 3 Full Trace Events 3 | . 2 . . . 1 Feedback Events . | . . . . . . Feedback Blocked . | . . . . . . Robot Schematics Acquired . | . . . . . . Robots Built . | . . . . . . Authchips . | . . . . . . Time . | . . . . . . Total Robot Build Rating . | . . . . . . Part Schematics Acquired . | . . . . . . Parts Built . | . . . . . . Authchips . | . . . . . . Time . | . . . . . . Total Part Build Rating . | . . . . . . Part Studies Acquired . | . . . . . . Parts Repaired . | . . . . . . Time . | . . . . . . Parts Recycled . | . . . . . . Recycled Matter . | . . . . . . Retrieved Matter . | . . . . . . Retrieved Components 16 | . 6 . . . 10 Parts Scanalyzed . | . . . . . . Part Schematics Acquired . | . . . . . . Parts Damaged . | . . . . . . Bothacking | -11 -10 -10 -10 -9 -8 ------------ Run | Yrd Mat Min Exi Min Mat Used RIF Installer . | . . . . . . Robots Hacked . | . . . . . . Non-combat . | . . . . . . Combat . | . . . . . . Robot Hacks Applied . | . . . . . . Relay Couplers Released . | . . . . . . Fabnet Peak Effective % . | . . . . . . Robots Rewired . | . . . . . . Allies Hacked . | . . . . . . Hacks Repelled . | . . . . . . Allies | -11 -10 -10 -10 -9 -8 -------- Run | Yrd Mat Min Exi Min Mat Total Allies 1 | . . 1 . . . Largest Group 1 | . . 1 . . . Highest-Rated Group 31 | . . 31 . . . Highest-Rated Ally 31 | . . 31 . . . Total Orders . | . . . . . . Ally Attacks 19 | . . 19 . . . Total Damage 209 | . . 209 . . . Kills 6 | . . 6 . . . Allies Corrupted . | . . . . . . Allies Melted . | . . . . . . Intel | -11 -10 -10 -10 -9 -8 ------- Run | Yrd Mat Min Exi Min Mat Active Infowar (turns) 1530 | . . . . . 1530 Structural 1530 | . . . . . 1530 Robot Analysis Total 1 | . . . . . 1 Derelict Logs Recovered 1 | . . 1 . . . Drone Launches . | . . . . . . Drone Recoveries . | . . . . . . Exploration | -11 -10 -10 -10 -9 -8 ------------- Run | Yrd Mat Min Exi Min Mat Turns Passed 4607 | 74 841 1014 212 763 1703 Spaces Moved 2789 | 43 418 809 211 544 764 Core 6 | 6 . . . . . Treads 662 | 37 418 207 . . . Legs 652 | . . . . . 652 Wheels 1469 | . . 602 211 544 112 Hover . | . . . . . . Flight . | . . . . . . Fastest Speed 50 | 50 160 100 100 100 110 Average Speed 133 | 144 160 117 100 111 160 Slowest Speed 270 | 160 160 160 100 115 270 Overloaded Moves . | . . . . . . Propulsion Burnouts . | . . . . . . Robots Hopped . | . . . . . . Potential Cave-ins 4 | . . . . 4 . Cave-ins Triggered . | . . . . . . Exploration Rate (%) 60 | 3 69 98 61 82 49 Regions Visited 5 Branch Regions 3 Pre-discovered Areas . | . . . . . . Known Exits Taken . | . . . . . . Unknown Exits Taken 5 | 1 1 1 1 1 . Scrap Searched 2 | . . 1 . 1 . Spaces Dug 2 | . . . . . 2 Terrain Destroyed 236 | . 7 5 . 120 104 Melee . | . . . . . . Projectile 12 | . . . . . 12 AOE 224 | . 7 5 . 120 92 Terrain Rammed . | . . . . . . Walls Destroyed . | . . . . . . Machines Disabled . | . . . . . . Actions | -11 -10 -10 -10 -9 -8 --------- Run | Yrd Mat Min Exi Min Mat Total 3458 | 52 511 840 212 683 1160 Wait 429 | . 37 7 1 117 267 Move 2784 | 42 417 808 210 543 764 Hop . | . . . . . . Pick Up 34 | 4 10 3 1 2 14 Fast Attach 15 | 6 1 . . 1 7 Attach 14 | . . 3 . . 11 Detach 2 | . . . . . 2 Swap 5 | . 3 . . 1 1 Drop 13 | . 3 . . 2 8 Fire 160 | . 40 19 . 16 85 Melee . | . . . . . . Ram 2 | . . . . 1 1 Kick . | . . . . . . Crush . | . . . . . . Escape Stasis . | . . . . . . Rewire . | . . . . . . Trap . | . . . . . . Miscellaneous . | . . . . . . Route ------- -11/Scrapyard -10/Materials (discovered 2 exits: [*Mat] / [*Min]) -10/Mines (discovered 3 exits: [*Mat x2] / *Exi) -10/Exiles -9/Mines (discovered 2 exits: *Mat x2) -8/Materials (discovered 1 exit: *Fac) History --------- Turn | Location | Event 8 | -11/Scrapyard | Discovered new exit (range 14) 75 | -11/Scrapyard | Entered Materials 313 | -10/Materials | Build established: Mutant 439 | -10/Materials | Discovered new exit (range 11) 697 | -10/Materials | Discovered new exit (range 12) 916 | -10/Materials | Entered Mines 955 | -10/Mines | Found a damaged Exp. Sensor Array with a note attached 958 | -10/Mines | Found Prototype Device 1076 | -10/Mines | Received a Mining Laser from a helpful Derelict 1149 | -10/Mines | Found a Scrap Suit stashed away for nefarious purposes 1213 | -10/Mines | Assembled infested the area 1269 | -10/Mines | Core integrity fell below 50% 1510 | -10/Mines | Discovered new exit (range 12) 1586 | -10/Mines | Core integrity fell below 20% 1673 | -10/Mines | Learned Materials terminal intel 1715 | -10/Mines | Received a Rocket Launcher from a helpful Derelict 1751 | -10/Mines | Discovered new exit (range 8) 1926 | -10/Mines | Deemed a non-threat by the Exiles lab entrance 1926 | -10/Mines | Discovered new exit (range 5) 1930 | -10/Mines | Entered Exiles 1955 | -10/Exiles | Met 8R-AWN 1971 | -10/Exiles | Met EX-HEX 2002 | -10/Exiles | Met EX-BIN 2014 | -10/Exiles | Aligned with FarCom system 2015 | -10/Exiles | Given EX-Vault access code 2038 | -10/Exiles | Opened EX-Vault 2041 | -10/Exiles | Found Prototype Device 2061 | -10/Exiles | Warned to stay clear of 0b10 Research branches 2093 | -10/Exiles | Met EX-DEC 2133 | -10/Exiles | Discovered new exit (range 11) 2142 | -10/Exiles | Left Exiles lab with Chronowheel 2142 | -10/Exiles | Entered Mines 2761 | -9/Mines | A weapon hastily lodged in a ceiling crevice suddenly fell to the ground 2863 | -9/Mines | Discovered new exit (range 7) 2885 | -9/Mines | Discovered new exit (range 8) 2905 | -9/Mines | Entered Materials 2905 | -8/Materials | Evolved 4 slots: Propulsion x2, Utility x2 2906 | -8/Materials | Loaded intel: 12 terminal locations 2915 | -8/Materials | Identified Chronowheel 2915 | -8/Materials | Activated Chronowheel 3164 | -8/Materials | Lost 6 parts (2p1n1u2w) 3470 | -8/Materials | Discovered new exit (range 11) 3487 | -8/Materials | Identified exit to Factory 4148 | -8/Materials | Core integrity fell below 50% 4575 | -8/Materials | Core integrity fell below 20% 4608 | -8/Materials | Destroyed by Y-45 Defender with Heavy Assault Rifle Last Messages --------------- 04586_ K-01 Serf destroyed. 04586_ K-01 Serf collects debris. 04588_ Carbon-fiber Leg destroyed. 04590_ K-01 Serf collects debris. 04590_ R-06 Scavenger collects Lgt. Ion Engine. 04591_ R-06 Scavenger collects Unknown Wheel. 04592_ U-05 Engineer lays Concrete. 04594_ Slug penetrates Wall. 04594_ U-05 Engineer lays Concrete. 04594_ K-01 Serf collects debris. 04595_ U-05 Engineer builds a Wall. 04597_ K-01 Serf collects debris. 04598_ 39J|3XQSI9:E#YCXGXSQ=S| M 5V ZYH/KZ BYXF 04598_ Penetrated by Slug. 04598_ Lgt. Angular Momentum Engine destroyed. 04600_ Acquired 20 matter. 04600_ Hrd. Medium Armor Plating destroyed. 04601_ K-01 Serf collects debris. 04601_ U-05 Engineer builds a Wall. 04604_ U-05 Engineer destroyed. Map ----- +----------------------------------------------------+ | ???????????????????????????????????????? #??????? | | ??????????????????? ???????????????????? #??????? | | ??????????????????? ???????????????????? #??????? | | ??????????????????? ??????????????????? #??????? | | ??????????????????? ??????????????????? ^#??????? | | ??????????????????? ??????????######### #??????? | | ??????????????????? ??????????######### #??????? | | ??????????????????# #?????????## #??????? | | ??????????????????# #??######### #??????? | | ??????????????????# #??######### #??????? | | ??????????????????# #??##!!!!!!# ########??????? | | ?????????????????## #??##!!!!!!# [[##????????? | | ????????????####### ##### # [ ##????????? | | ?? ###+########### ##### # !!##????????? | | ? [ !!##????????? | | ? % [[##????????? | | ? h %% [[##????????? | | ????????################# ######????????? | | ??????????????###########* """ ######????????? | | ?????????????????????## #Y= """ T######???????? | | ?????????????????????## #Yr """ #######???????? | | ??????????????########### """ ???????? | | ??????????????######### # r w ???????? | | ??????????????## """ # ?? | | ?????????????###*"R" # #"T"#/##############?? | | ?????????????### #@ ##### = ##?? | | ????????????####** # ##### =!""##?? | | ????????????#### # ##?## " !*Y"##?? | | ????????????## # # ##?## " !!""##?? | | ????????????## # # ##?## " ![! ###? | | ????????????#### # ##?## #### | | ????????????## # # ######### ######## | | ????????????## #+####+### ######### ! | | ????????????#### ### ! | | ???? ########### ### + | | ########### # "" | | ##+### ##### ######### ####### # " | | # ! # ########### """ | | % + # ########## | | # # ###################+ | | T##### ###### # # | | ################# # """ + | | ###?#########??## #""""" # | | ???????????????## #""""" ######## ########### | | ????????######### #""""" # # ########### | | ????????######### # """ # # # # | | ????????## """ # # # # # # | | ????????## """ # # # # # # | | ????????## """ + ######### + + """ """ # | | ????????## ########## # # """ """ # | +----------------------------------------------------+ Best States ------------- Heat Dissipation 31 Energy Generation 18 Energy Capacity 250 Matter Stores 300 Matter Capacity 300 Sight Range 16 Terrain Scan Density 10 Armor Coverage 225 Evasion (%) 55 Recoil Reduction 2 Item Schematics ----------------- None Robot Schematics ------------------ None Fabricated ------------ Nothing Repaired ---------- Nothing Studied --------- None Alien Tech Used ----------------- None Achievements -------------- Dramatic Entrance Challenges ------------ None Game ------ Seed DerelictReflectiveSpear Manual? 0 Play Time 00:33:04 Cumulative 38.3 hours Start 2026.09.02 @ 17:24:13 End 2026.09.02 @ 17:54:46 Sessions 1 Manual Loads 0 Difficulty Rogue Special Mode None Game No. 42 Rogue 39 Adventurer 3 Explorer 0 Win Type - Total 0 Types 0/0/0/0/0/0/0/0/0/0 Lore% 18 Gallery% 29 Achievement% 24 Wizard Run 0 Options --------- Layout 0 ASCII 0 Keyboard 0 Movement Numpad Keybinds 0 Fullscreen 1 Font 18/SmallcapsGlow Map View 76x50 Zoom Use 0% Tactical HUD 1 Map Filters NONE Filters NONE Steam 1 RUN: 227d6966-7c27-4fbc-94b3-18f51a107c3e